 Dungeon Crawl Stone Soup version 0.28.0-43-g3370ac3207 (webtiles) character file.

Game seed: 1656693476726427984

1689 xzight the Chopper (level 9, -1/56 HPs)
             Began as a Gargoyle Fighter on Mar 1, 2022.
             Slain by an ogre
             ... wielding a +0 giant club
              (22 damage)
             ... on level 6 of the Dungeon.
             The game lasted 00:10:45 (6395 turns).

xzight the Chopper (Gargoyle Fighter)               Turns: 6395, Time: 00:10:45

Health: -1/56      AC: 20    Str: 24    XL:     9   Next: 2%
Magic:  9/9        EV:  6    Int:  9    God:
Gold:   291        SH:  5    Dex:  9    Spells: 8/8 levels left

rFire   . . .      SeeInvis .   a - +0 war axe
rCold   . . .      Faith    .   c - +0 buckler
rNeg    + . .      Spirit   .   i - +0 plate armour
rPois   ∞          Reflect  .   (no helmet)
rElec   +          Harm     .   e - +0 cloak
rCorr   .          Rampage  .   (no gloves)
Will    .....                   (no boots)
Stlth   ..........              (no amulet)
HPRegen 0.18/turn               (no ring)
MPRegen 0.11/turn               (no ring)

@: no status effects
A: sickness immunity, AC +6, negative energy resistance 1, electricity
resistance, torment resistance 1, petrification resistance
a: no special abilities


You were on level 6 of the Dungeon.
You visited 2 branches of the dungeon, and saw 7 of its levels.

You collected 291 gold pieces.


Innate Abilities, Weirdness & Mutations

You are immune to sickness and miasma.
Your stone body is resilient. (AC +6)
You are immune to poison.
You resist negative energy. (rN+)
You are resistant to electric shocks. (rElec)
You are resistant to unholy torment.
You are immune to petrification.


   Skills:
 + Level 6.3 Fighting
 * Level 6.7 Axes
 + Level 6.4 Armour
 + Level 6.3 Shields


You had 8 spell levels left.
You didn't know any spells.
Your spell library contained the following spells:

 Spells                   Type           Power      Damage    Failure   Level
 Foxfire                  Conj/Fire      0%         2x1d4     100%        1
 Magic Dart               Conj           0%         1d3       100%        1
 Sandblast                Erth           0%         2d4       100%        1
 Call Imp                 Summ           0%         N/A       100%        2
 Passwall                 Tmut/Erth      0%         N/A       100%        2
 Conjure Flame            Conj/Fire      0%         6-21      100%        3
 Gell's Gravitas          Tloc           0%         N/A       100%        3
 Inner Flame              Hex/Fire       0%         N/A       100%        3
 Lesser Beckoning         Tloc           0%         N/A       100%        3
 Mephitic Cloud           Conj/Pois/Air  0%         N/A       100%        3
 Stone Arrow              Conj/Erth      0%         3d7       100%        3
 Teleport Other           Tloc           0%         N/A       100%        3
 Flame Wave               Conj/Fire      0%         2d4       100%        4

Inventory:

Hand Weapons
 a - a +0 war axe (weapon)
Missiles
 d - a throwing net (quivered) {=f}
Armour
 c - a +0 buckler (worn)
 e - a +0 cloak (worn)
 i - a +0 plate armour (worn)
Magical Staves
 h - a staff of fire {!a}
Jewellery
 q - an amulet of faith {!P}
 D - a +6 ring of dexterity
Wands
 s - a wand of mindburst (9)
Scrolls
 j - a scroll of fog {unknown}
 o - a scroll of enchant weapon {unknown}
 t - a scroll of amnesia {unknown}
Potions
 b - 2 potions of lignification {unknown}
 f - a potion of magic {unknown}
 g - 2 potions of flight {unknown}
 k - 2 potions of heal wounds {unknown}
 l - 2 potions of berserk rage {!q}
 m - 3 potions of haste {unknown}
 n - a potion of might
 p - a potion of resistance {unknown}
 r - 2 potions of cancellation
 u - 2 potions of degeneration {unknown}
 v - a potion of brilliance {unknown}
 w - a potion of invisibility {unknown}

Dungeon Overview and Level Annotations

Branches:
Dungeon (6/15)             Temple (1/1) D:5

Altars:
Elyvilon
Fedhas
Gozag
Makhleb
Nemelex Xobeh
Ru
Sif Muna
Uskayaw
Vehumet
Wu Jian
Yredelemnul
Zin
The Shining One

Annotations:
D:6 2 transporters

*******,*,* ......
≈SS*P8*,*,* .h....
,,,*,,*,,.########......
,,,+/©*©,...............
,,,*,,*,,O..............
≈SS*P8*,*.###.##.#......
*******,*,* #.##.# .....
,,,,,,,,*,* #.##O# ....
,,,,,,,**,* #.##@# ##'
******,,*,###.##.# ,*
**,*,#......# ,+
*,,,#.#.##.# ,*
*#..#.#)##.# ,*
#.....)...# ,*
#....###..# **
*...>..,,#..#
*..##.,,,#.##


You could see an ogre.


Message History

Level map cleared.
Items here: ))) [[ †.
Things that are here:
a +0 dagger; a +0 leather armour; an orc corpse A howler monkey comes into view.
The howler monkey howls!
The howler monkey hoots and howls with incredible vigour!
You hear a shout!
An ogre comes into view. It is wielding a +0 giant club.
You hit the howler monkey.
The howler monkey is lightly wounded.
You block the howler monkey's attack.
You hit the howler monkey.
The howler monkey is moderately wounded.
The howler monkey hoots and howls with incredible vigour! x2
You hear two shouts!
You slash the howler monkey!
You kill the howler monkey!
You hit the ogre but do no damage. The ogre hits you with a +0 giant club!
You hit the ogre.
The ogre is lightly wounded.
The ogre barely misses you.
You hit the ogre.
The ogre is lightly wounded.
The ogre hits you with a +0 giant club!!
* * * LOW HITPOINT WARNING * * *
You closely miss the ogre.
The ogre is lightly wounded.
The ogre hits you with a +0 giant club!!
You die...

Skill      XL: |  1  2  3  4  5  6  7  8 |
---------------+-------------------------+-----
Axes           | 2 3 4 5 6 |  6.7
Fighting       | 4 5 6 |  6.3
Armour         | 4 5 6 |  6.4
Shields        | 4 5 6 |  6.3

Action                   |  1- 3 |  4- 6 |  7- 9 || total
-------------------------+-------+-------+-------++-------
Melee: War axe           |   129 |    98 |   251 ||   478
Evoke: Wand              |       |       |     1 ||     1
  Use: Scroll            |     2 |       |     3 ||     5
       Potion            |       |     1 |     1 ||     2
Armor: Scale mail        |    32 |       |       ||    32
       Plate armour      |   112 |    79 |   232 ||   423
Dodge: Dodged            |    74 |    26 |   102 ||   202
Block: Buckler           |    29 |    20 |    68 ||   117

Levels and vault maps discovered:
D:1:      dpeg_arrival_snail, layout_loops_ring, shapermc_ecumenical_altar_venn
D:2:      layout_rooms
D:3:      layout_rooms, cheibrodos_sewer_entry_sluice,
          minmay_misc_feat_nine_boxes, minivault_27
D:4:      corexii_shack_village, layout_cave_pods, makhleb_altar_promises_db,
          uniq_grinder, uniq_natasha
D:5:      layout_loops_ring, overflow_temple_1_default,
          minmay_temple_entry_enclosed_plants, supply_closet_lemuel,
          skrybe_limestone_x, hangedman_decor_lopped, cheibrodos_gnoll_hut
D:6:      gammafunk_steamed_eel, layout_basic,
          mainiacjoe_overflow_surrounded_room
Temple:   minmay_temple_curvy_loop

Notes
Turn   | Place    | Note
-------+----------+-------------------------------------------
     0 | D:1      | xzight the Gargoyle Fighter began the quest for the Orb.
     0 | D:1      | Reached XP level 1. HP: 14/14 MP: 1/1
   165 | D:1      | Reached skill level 2 in Axes
   250 | D:1      | Identified a +0 robe of resistance
   294 | D:1      | Reached XP level 2. HP: 17/19 MP: 2/2
   338 | D:1      | Found a faded altar of an unknown god.
   867 | D:2      | Reached XP level 3. HP: 13/23 MP: 3/3
  1729 | D:3      | Reached XP level 4. HP: 27/29 MP: 4/4
  1839 | D:3      | Reached skill level 3 in Axes
  1845 | D:3      | Reached skill level 4 in Fighting
  1845 | D:3      | Reached skill level 4 in Armour
  1845 | D:3      | Reached skill level 4 in Shields
  1845 | D:3      | Reached XP level 5. HP: 33/33 MP: 5/5
  1921 | D:3      | You fall into a shaft and drop 1 floor!
  1921 | D:4      | Noticed Natasha
  1929 | D:4      | Killed Natasha
  1965 | D:4      | Noticed Grinder
  1969 | D:4      | Paralysed by Grinder for 7 turns
  2686 | D:4      | Noticed Natasha
  2692 | D:4      | Killed Natasha
  2743 | D:4      | Noticed Natasha
  2750 | D:4      | Killed Natasha
  2751 | D:4      | Reached XP level 6. HP: 30/39 MP: 6/6
  3060 | D:4      | Killed Grinder
  3061 | D:4      | Reached skill level 4 in Axes
  3061 | D:4      | Reached XP level 7. HP: 41/44 MP: 7/7
  3193 | D:4      | Found a burning altar of Makhleb.
  3193 | D:4      | Noticed a balrug
  3412 | D:4      | Reached skill level 5 in Fighting
  3412 | D:4      | Reached skill level 5 in Armour
  3412 | D:4      | Reached skill level 5 in Shields
  3916 | D:5      | Entered Level 5 of the Dungeon
  3978 | D:5      | Found a staircase to the Ecumenical Temple.
  3995 | D:5      | Reached skill level 5 in Axes
  3997 | Temple   | Entered the Ecumenical Temple
  4386 | D:5      | Reached XP level 8. HP: 49/50 MP: 8/8
  4711 | D:5      | Found a sacrificial altar of Ru.
  5066 | D:5      | HP: 4/51 [gnoll shaman/+0 whip (4)]
  5602 | D:6      | Found a transporter.
  5627 | D:6      | Reached skill level 6 in Axes
  5861 | D:6      | Reached skill level 6 in Armour
  5881 | D:6      | Found a transporter.
  5902 | D:6      | Reached skill level 6 in Fighting
  5902 | D:6      | Reached skill level 6 in Shields
  6066 | D:6      | Noticed a two-headed ogre
  6247 | D:6      | Reached XP level 9. HP: 34/56 MP: 9/9
  6395 | D:6      | Slain by an ogre

Vanquished Creatures
  Grinder (D:4)
  A water moccasin (D:6)
  2 black bears
  2 necrophages
  A centaur (D:6)
  A phantom (D:4)
  2 scorpions
  A howler monkey (D:6)
  A gnoll shaman (D:5)
  An orc priest (D:6)
  4 hounds
  2 bullfrog skeletons (D:5)
  An iguana (D:5)
  2 orc wizards (D:3)
  Natasha (thrice) (D:4)
  A killer bee zombie (D:6)
  A hound zombie (D:5)
  2 hound skeletons
  6 gnolls (D:5)
  6 adders
  A river rat (D:3)
  A shadow imp (D:6)
  2 white imps
  An ufetubus (D:5)
  A worm (D:3)
  2 dart slugs
  16 orcs
  9 bats
  8 endoplasms
  4 giant cockroaches
  6 goblins
  8 hobgoblins
  4 jackals
  5 quokkas
  7 ball pythons
  5 frilled lizards
  11 kobolds
  5 rats
137 creatures vanquished.

Table legend: (Time is in decaauts)
 A = Elapsed time spent in this place.
 B = Non-inter-level travel time spent in this place.
 C = Inter-level travel time spent in this place.
 D = Time resting spent in this place.
 E = Time spent auto-exploring this place.
 F = Levels seen in this place.
 G = Mean time per level.
                   A        B        C        D        E       F      G
               +--------+--------+--------+--------+--------+-----+--------+
         Total |   6570 |   6253 |    317 |   1978 |   2788 |   7 |  938.6 |
       Dungeon |   6345 |   6051 |    294 |   1976 |   2595 |   6 | 1057.5 |
        Temple |    224 |    201 |     23 |      2 |    193 |   1 |  224.0 |
               +--------+--------+--------+--------+--------+-----+--------+

Top non-repeatable levels by time:
     D:4: 1565 daAuts
     D:1: 1225 daAuts
     D:5: 1211 daAuts
     D:3: 913 daAuts
     D:6: 899 daAuts
     D:2: 530 daAuts
  Temple: 224 daAuts

Table legend:
 A = Non-vault XP
 B = Vault XP
 C = Vault XP percentage of total XP
 D = Non-vault monster count
 E = Vault monster count
 F = Vault count percentage of total count
                 A         B        C        D         E       F
            +---------+---------+-------+---------+---------+-------
      Total |    1967 |     447 |  18.5 |     117 |      20 |  14.6
            +---------+---------+-------+---------+---------+-------
        D:1 |      28 |       0 |   0.0 |      18 |       0 |   0.0
        D:2 |      48 |       0 |   0.0 |      21 |       0 |   0.0
        D:3 |     121 |      15 |  11.0 |      22 |       3 |  12.0
        D:4 |     393 |     330 |  45.6 |      23 |      14 |  37.8
        D:5 |     692 |     102 |  12.8 |      19 |       3 |  13.6
        D:6 |     685 |       0 |   0.0 |      14 |       0 |   0.0
            +---------+---------+-------+---------+---------+-------
